 Dungeon Crawl Stone Soup version 0.30.1-4-g462c640d31 (webtiles) character file.

Game seed: 10831471469268273373

46 safid the Chiller (level 3, -1/27 HPs)
             Began as a Merfolk Ice Elementalist on Sept 8, 2023.
             Slain by a gnoll
             ... wielding a +0 club
              (7 damage)
             ... on level 2 of the Dungeon.
             The game lasted 00:03:01 (1267 turns).

safid the Chiller (Merfolk Ice Elementalist)        Turns: 1267, Time: 00:03:02

Health: -1/27      AC:  2    Str:  8    XL:     3   Next: 68%
Magic:  6/6        EV:  6    Int: 16    God:
Gold:   110        SH:  0    Dex: 14    Spells: 6/7 levels left

rFire   . . .        h - +2 whip (elec)
rCold   . . .        (no shield)
rNeg    . . .        a - +0 robe
rPois   .            (no helmet)
rElec   .            (no cloak)
rCorr   .            (no gloves)
SInv    .            (no boots)
Will    .....        (no amulet)
Stlth   ++           (no ring)
HPRegen 0.24/turn    (no ring)
MPRegen 0.10/turn

%: no passive effects
@: held
A: (nimble swimmer 2), mertail
a: no special abilities


You were on level 2 of the Dungeon.
You visited 1 branch of the dungeon, and saw 2 of its levels.

You collected 110 gold pieces.

Inventory:

Hand Weapons
 h - a +2 whip of electrocution (weapon)
Armour
 a - a +0 robe (worn)
Scrolls
 e - 2 scrolls of enchant weapon {unknown}
 f - a scroll of identify {unknown}
 g - a scroll of teleportation {unknown}
 i - a scroll of fear {unknown}
Potions
 b - a potion of magic
 c - a potion of lignification {unknown}
 d - a potion of heal wounds {unknown}
 j - a potion of haste {unknown}


   Skills:
 + Level 1.9 Fighting
 - Level 2.6 Dodging
 - Level 2.1 Stealth
 + Level 2.6 Spellcasting
 + Level 4.9 Ice Magic


You had 6 spell levels left.
You knew the following spells:

 Your Spells              Type           Power      Damage    Failure   Level
a - Freeze                Ice            68%        1d8       2%          1

Your spell library contained the following spells:

 Spells                   Type           Power      Damage    Failure   Level
 Frozen Ramparts          Ice            34%        1d6       8%          3
 Ozocubu's Armour         Ice            17%        N/A       8%          3
 Summon Ice Beast         Ice/Summ       9%         N/A       56%         4


Dungeon Overview and Level Annotations

Branches:
Dungeon (2/15)

Altars:

Shops:
D:1 [?

Annotations:
D:2 Natasha


Innate Abilities, Weirdness & Mutations

((You are very nimble when in or above water. (Stealth+, EV+, Speed+++)))
Your lower body shifts to a powerful aquatic tail in water.


Message History

No target in view!
Things that are here:
a rat corpse; a jackal corpse; a jackal corpse
g - a scroll labelled ZUSONU KAK TEG
Found a ring mail.
i - a scroll labelled IWILINOXTO
j - a brown potion A gnoll comes into view.
It is wielding a +0 spear.
A gnoll is nearby!
Found a leather armour.
Found a potion of magic.
Found a stone staircase leading up. 2 gnolls come into view.
Natasha and a giant cockroach come into view.
Found a stone staircase leading up.
The gnoll shouts!
The gnoll throws a throwing net.
The throwing net hits you.
You become entangled in the net!
You see here a throwing net.
You are held in a net!
Unknown command.
Unknown command.
You tear a large gash into the net.
You struggle against the net.
The gnoll hits you from afar with a +0 spear.
You struggle against the net.
The gnoll hits you from afar with a +0 spear.
You rip the net and break free!
Natasha hisses angrily.
The gnoll shouts!
The gnoll hits you from afar with a +0 spear!
The gnoll throws a throwing net.
The throwing net hits you.
You become entangled in the net!
You struggle against the net.
Natasha mumbles some strange words.
The gnoll barely misses you. x2
The gnoll hits you from afar with a +0 spear.
* * * LOW HITPOINT WARNING * * *
The giant cockroach bites you but does no damage.
You struggle against the net.
The giant cockroach barely misses you. The gnoll hits you with a +0 club!
You die...

#....................
..##................
.............#....### .
....................#!..
...............##.......
...............#<.# ....
.................##..#..
..................h.....
.............?..@Bg.....
...#.............gg5....
...#.##......##.........
...#.##................<
...#........###.........
.[....# .......... ...
.......... ...........


You could see Natasha, 3 gnolls, a cerulean imp (summoned) and a giant
cockroach.

Vanquished Creatures
  An adder (D:2)
  A worm (D:2)
  2 dart slugs
  2 endoplasms
  2 giant cockroaches (D:1)
  2 goblins (D:1)
  3 hobgoblins
  5 jackals
  2 ball pythons
  2 bats
  3 kobolds
  3 rats
28 creatures vanquished.

Notes
Turn   | Place    | Note
-------+----------+-------------------------------------------
     0 | D:1      | safid the Merfolk Ice Elementalist began the quest for the
                  | Orb.
     0 | D:1      | Reached XP level 1. HP: 13/13 MP: 3/3
   130 | D:1      | Found Kyerchev's Magic Scroll Shoppe.
   203 | D:1      | Reached XP level 2. HP: 20/20 MP: 3/5
   206 | D:1      | Reached skill level 1 in Fighting
   584 | D:1      | Found Neaxog's Antique Armour Shop.
   730 | D:2      | Reached XP level 3. HP: 12/26 MP: 1/6
  1261 | D:2      | Noticed Natasha
  1267 | D:2      | Slain by a gnoll

Illustrated notes

Levels and vault maps discovered:
D:1:      lightli_arrival_chessboard, layout_basic, serial_shops,
          nicolae_shop_peninsula, nicolae_shop_tiny_glass, serial_park_tiny_2,
          grunt_decor_junction
D:2:      minmay_spotlight, layout_rooms, serial_shops, shop, uniq_natasha

Skill      XL: |  1  2 |
---------------+-------+-----
Fighting       | 1 |  1.9
Dodging        | |  2.6
Stealth        | |  2.1
Spellcasting   | |  2.6
Ice Magic      | |  4.9

Action                     || total
---------------------------++-------
  Melee: Club              ||     3
         Dagger            ||    29
         Unarmed           ||     1
         Whip              ||    17
         Rapier            ||     8
         Punch             ||     1
   Cast: Freeze            ||    27
   Stab: Sleeping          ||     4
 Armour: Robe              ||    13
  Dodge: Dodged            ||    51
